 Dungeon Crawl Stone Soup version 0.19-a0-1720-gc855d72 (webtiles) character file.

263 Charly the Chopper (level 5, -6/69 HPs)
             Began as a Deep Dwarf Monk on Sept 29, 2016.
             Mangled by a troll (13 damage)
             ... on level 5 of the Dungeon.
             The game lasted 00:12:34 (625 turns).

Charly the Chopper (Deep Dwarf Monk)                 Turns: 625, Time: 00:12:35

Health: -6/69      AC: 12    Str: 21    XL:     5   Next: 97%
Magic:  5/5        EV:  9    Int: 10    God:
Gold:   43         SH:  0    Dex: 15    Spells: 0 memorised, 4 levels left

rFire  . . .     SeeInvis .     a - +0 hand axe
rCold  . . .     Gourm    .     m - +0 chain mail
rNeg   . . .     Faith    .     (no shield)
rPois  .         Spirit   .     (no helmet)
rElec  .         Dismiss  .     g - +1 cloak
rCorr  .         Reflect  .     (no gloves)
MR     .....     Harm     .     (no boots)
Stlth  ..........               (no amulet)
                                (no ring)
                                (no ring)

@: berserking, non-regenerating, very quick
A: damage resistance, recharge devices, sense surroundings 1, slow regeneration
3
a: Device Recharging


You were on level 5 of the Dungeon.
You were not hungry.

You visited 1 branch of the dungeon, and saw 6 of its levels.

You collected 43 gold pieces.

Inventory:

Hand Weapons
 a - a +0 hand axe (weapon)
Armour
 g - a +1 cloak (worn)
 m - a +0 chain mail (worn)
Wands
 c - a wand of heal wounds (0/9)
Scrolls
 e - 2 scrolls of identify
 h - 4 scrolls of enchant weapon {unknown}
 i - a scroll of fear {unknown}
 j - a scroll of random uselessness {unknown}
 l - a scroll of recharging {unknown}
 o - a scroll of fog {unknown}
Potions
 k - 2 potions of flight
Comestibles
 b - a meat ration
 d - 3 bread rations


   Skills:
 - Level 2.6 Fighting
 + Level 6.0 Axes
 - Level 4.0 Armour
 - Level 3.2 Dodging
 - Level 2.4 Stealth


You had 4 spell levels left.
You didn't know any spells.

Dungeon Overview and Level Annotations

Branches:
Dungeon (6/15)
 Temple: D:4-7

Altars:


Innate Abilities, Weirdness & Mutations

You are resistant to damage.
You can recharge devices by infusing magical energy.
You passively map a small area around you.
You do not regenerate.


Message History

The troll closely misses you. The troll claws you.
* * * LOW HITPOINT WARNING * * *
The troll claws you!
* * * LOW HITPOINT WARNING * * *
You slash the troll!
The troll is heavily wounded.
The troll barely misses you. The troll claws you but does no damage.
The troll barely misses you.
You slash the troll!
The troll is severely wounded.
You slash the troll!
The troll is almost dead.
The troll bites you!
* * * LOW HITPOINT WARNING * * *
The troll barely misses you. The troll closely misses you.
Unknown command.
You closely miss the troll.
The troll is almost dead.
The troll bites you!
You die...

, , , , #.....# , , , ,
###.....# , ,, ,.......#+
* , , , , ....... ,,, * ,
, ....., , , * , ####+###,
,.h., , .......# ,, ##T##
, .......#, ,#.@.#, , ,
.......# , ,#...#,, ,
..##...# , , #...# , , ,
..##...#......#...#,, ,, ,
, , ..#....#......#...# ,
, * ..##.[.#......#...# ,
,, *
..##.).#......#...###### *
**
..#....#......#........+,
,
####...#......#........#,,


You could see a troll and a hound.

Vanquished Creatures
  Sigmund (D:5)
  A phantom (D:5)
  An adder (D:4)
  A dart slug (D:2)
  An orc (D:4)
  A giant cockroach (D:4)
  2 goblins
  A hobgoblin (D:2)
  5 jackals
  2 kobolds (D:2)
  A frilled lizard (D:4)
  A rat (D:3)
18 creatures vanquished.

Notes
Turn   | Place    | Note
-------+----------+-------------------------------------------
     0 | D:1      | Charly the Deep Dwarf Monk began the quest for the Orb.
     0 | D:1      | Reached XP level 1. HP: 20/20 MP: 1/1
    92 | D:2      | Reached XP level 2. HP: 21/27 MP: 2/2
   146 | D:2      | Reached skill level 4 in Axes
   354 | D:4      | Reached skill level 1 in Armour
   354 | D:4      | Reached XP level 3. HP: 21/33 MP: 3/3
   374 | D:5      | Entered Level 5 of the Dungeon
   389 | D:5      | Noticed a phantom
   403 | D:6      | Noticed a killer bee
   403 | D:6      | Noticed a killer bee
   403 | D:6      | Noticed a killer bee
   403 | D:6      | Noticed a killer bee
   403 | D:6      | Noticed a killer bee
   480 | D:5      | Killed a phantom
   480 | D:5      | Reached skill level 5 in Axes
   480 | D:5      | Reached XP level 4. HP: 34/40 MP: 4/4
   496 | D:5      | Noticed Sigmund
   563 | D:5      | Killed Sigmund
   563 | D:5      | Reached skill level 6 in Axes
   563 | D:5      | Reached XP level 5. HP: 31/46 MP: 5/5
   608 | D:5      | Noticed a troll
   625 | D:5      | Mangled by a troll

Vault maps used:
D:1:      enne_arrival_octagon_isle
D:4:      fedhas_altar_fruit_tree, uniq_edmund
D:5:      first_bread, minmay_misc_feat_columns, moated_statue, moated_statue,
          uniq_sigmund
D:6:      cheibrodos_quashed

Skill      XL: |  1  2  3  4 |
---------------+-------------+-----
Axes           | 4 5 6 |  6.0
Armour         | 1 2 4 |  4.0
Fighting       | |  2.6
Dodging        | |  3.2
Stealth        | |  2.4

Action                   |  1- 3 |  4- 6 || total
-------------------------+-------+-------++-------
Melee: Hand axe          |    99 |    61 ||   160
Evoke: Wand              |     1 |     4 ||     5
  Use: Scroll            |     3 |       ||     3
       Potion            |       |     2 ||     2
 Stab: Sleeping          |     2 |       ||     2
Armor: Robe              |     8 |       ||     8
       Chain mail        |    33 |    24 ||    57
Dodge: Dodged            |    31 |    20 ||    51
